← All builds
Suicide front / Legion / Quick factory / OBSERVED BUILD

Standard suicide front

Quick Bot Lab into Vehicle Plant to project force at middle early with Ballista, Satyr, Decurion and Lance, transitioning into Barrage artillery and an Advanced Metal Extractor as the game develops.

#rush #raid · 26 distinct matches · 14 players · 79% of Legion Suicide front games · team won 50% of 26 · Recently observed

HOW TO PLAY IT

Key timing: Legion Vehicle Plant by 1:01

  1. Take a single mex and rush the bot lab immediately.
  2. Finish the bot lab fast to start early Decurion or Ballista pushes.
  3. Get the vehicle plant up to widen unit options for the front.
  4. Contest the middle early and expect combat losses right away.
  5. Pick up T2 constructor once middle is stabilized to prep for T2 arrivals.

Phase by phase

TYPICAL OF ITS 26 GAMES
  1. 1
  2. 2
  3. 3
PLAY THE OPENING

Follow the example game's first 6:00 step by step: what to build now, what comes next, and where it goes. At 1× it keeps pace with your own game.

  1. 1

    Up to the Legion Bot Lab

    Economy
    • Metal Extractor1Mex
    Order
    1. Legion Bot LabLegion Bot Lab after 2 mexdone ~0:34, middle half 0:20–0:35

    By 0:17 in all: 1 mex

    The example game in this phase · 2 steps
    1. Mex ×2
    2. Legion Bot LabLegion Bot Labdone 0:36 · typical 0:34
  2. 2

    Legion Bot Lab to 5:00

    Economy
    • Metal Extractor5Mex
    • Wind Turbine7Wind
    Builders
    • Construction Turret1 Con turret
    • Legion Construction Bot3 Legion Construction Bot
    • Zagreus2 Zagreus
    Army
    • Pharos4 Pharos
    Other
    • Radar Tower1 Radar Tower

    Some games also: Ballista (42%) · Goblin (38%) · Satyr (38%) · Legion Construction Vehicle (35%) · Barrage (31%)

    By 5:00 in all: 6 mex · 8 wind · 1 con turret

    The example game in this phase · 37 steps
    1. PharosPharos
    2. Solar
    3. KarkinosKarkinos
    4. PharosPharos
    5. Wind
    6. ZagreusZagreus
    7. Legion Construction BotLegion Construction Bot
    8. ZagreusZagreus
    9. Con turret
    10. Legion Construction BotLegion Construction Bot
    11. Mex
    12. BallistaBallista
    13. Mex
    14. BallistaBallista ×2
    15. PharosPharos
    16. BallistaBallista
    17. PharosPharos
    18. CenturionCenturion
    19. BallistaBallista
    20. Wind
    21. Legion Construction BotLegion Construction Bot
    22. Wind
    23. PharosPharos ×2
    24. BallistaBallista
    25. Wind
    26. BallistaBallista
    27. Wind
    28. BallistaBallista
    29. Wind
    30. BallistaBallista
    31. Wind
    32. BallistaBallista
    33. Wind
    34. ZagreusZagreus
    35. Wind ×2
    36. Radar TowerRadar Tower
    37. BallistaBallista
  3. 3

    5:00 to 10:00

    Economy
    • Metal Extractor2Mex
    • Wind Turbine17Wind
    • Energy Storage1Energy storage
    Builders
    • Construction Turret3 Con turret

    Some games also: Zagreus (46%) · Radar Tower (42%) · converter (38%) · Ballista (38%) · Pharos (35%)

    By 10:00 in all: 8 mex · 25 wind · 1 energy storage · 4 con turret

    The example game in this phase · 121 steps
    1. Wind ×2
    2. BallistaBallista
    3. Wind ×2
    4. Mex
    5. BallistaBallista ×2
    6. Wind ×2
    7. BallistaBallista ×2
    8. Wind
    9. Con turret
    10. Wind
    11. BallistaBallista
    12. Wind
    13. BallistaBallista
    14. ZagreusZagreus
    15. Wind
    16. BallistaBallista
    17. Wind
    18. CenturionCenturion
    19. BallistaBallista
    20. Wind
    21. BallistaBallista
    22. Wind
    23. BallistaBallista
    24. Mex
    25. BallistaBallista ×2
    26. ZagreusZagreus
    27. BallistaBallista
    28. Legion Vehicle PlantLegion Vehicle Plantdone 8:01 · typical 1:01
    29. BallistaBallista
    30. Wind
    31. Con turret
    32. BallistaBallista
    33. Mex
    34. Wind
    35. BallistaBallista
    36. Wind
    37. BallistaBallista
    38. Wind
    39. ZagreusZagreus
    40. Wind
    41. BallistaBallista
    42. Wind
    43. BallistaBallista
    44. Wind
    45. BallistaBallista
    46. Mex
    47. Wind ×2
    48. BallistaBallista ×2
    49. Wind
    50. ZagreusZagreus
    51. SentrySentry
    52. Wind
    53. BallistaBallista
    54. PawnPawn ×2
    55. Wind
    56. Advanced Metal ExtractorT2 mexdone 9:33 · typical 8:45
    57. Mex
    58. BallistaBallista
    59. Wind
    60. MaceMace
    61. Mex
    62. PawnPawn ×2
    63. SentrySentry
    64. Wind
    65. PawnPawn
    66. BallistaBallista
    67. Wind
    68. PawnPawn
    69. Advanced Metal ExtractorT2 mex
    70. MaceMace
    71. BallistaBallista
    72. Wind
    73. BallistaBallista
    74. Wind
    75. ZagreusZagreus
    76. Wind
    77. Advanced Metal ExtractorT2 mex
    78. Wind ×2
    79. BrambleBramble ×2
    80. AlarisAlaris ×3
    81. Legion Vehicle PlantLegion Vehicle Plantdone 11:37
    82. AlarisAlaris ×3
    83. PharosPharos
    84. AlarisAlaris ×3
    85. Advanced Metal ExtractorT2 mex
    86. AlarisAlaris ×9
    87. Con turret
    88. AlarisAlaris ×2
    89. Con turret
    90. AlarisAlaris ×3
    91. Con turret
    92. AlarisAlaris
    93. LazarusLazarus
    94. AlarisAlaris ×4
    95. Legion Vehicle PlantLegion Vehicle Plantdone 12:52
    96. AlarisAlaris ×30
    97. Advanced Metal ExtractorT2 mex
    98. AlarisAlaris ×10
    99. Legion Vehicle PlantLegion Vehicle Plantdone 14:17
    100. AlarisAlaris ×11
    101. Con turret
    102. AlarisAlaris ×12
    103. Con turret
    104. AlarisAlaris ×3
    105. Con turret
    106. AlarisAlaris ×2
    107. Energy storage
    108. Con turret
    109. AlarisAlaris ×2
    110. Wind
    111. AlarisAlaris
    112. Con turret
    113. AlarisAlaris ×6
    114. Wind
    115. AlarisAlaris ×12
    116. Wind
    117. AlarisAlaris ×8
    118. Wind
    119. AlarisAlaris ×5
    120. Wind
    121. AlarisAlaris ×5

Counts are medians over the build's games: half of them build more, half fewer. The example game is [crd]sisa's (44 OS, 04/09/2026); pick another.

Team trades

IN AT LEAST 30% OF ITS GAMES

You hand over

Nothing regular.

You get

  • Tidal Generator4 Tidal from Pondfirst at 0:11 · in 69% of games
  • Advanced Construction Bot1 T2 con bot from Geo or Techfirst at 7:31 · in 54% of games

How it plays out

Typical game of this build, running totals by minute

Metal produced

010k20k30k
0:005:0010:0015:00

metal

Enemy metal destroyed

05k10k
0:005:0010:0015:00

metal

Own metal lost

05k10k
0:005:0010:0015:00

metal

26 games.

Show as table
ByMetal produced: This buildEnemy metal destroyed: This buildOwn metal lost: This build
1:0024900
2:0087900
3:00204220360
4:003176484320
5:0042971154788
6:00526718041130
7:00619125412201
8:00749140053250
9:00877445374000
10:001049947444506
11:001232249825031
12:001458453036112
13:001742860647159
14:002039474937635
15:002406490817997
WHAT THE NUMBERS SAY

Suicide front trades heavily, destroying more enemy metal early than any other role shown but also losing the most, reflecting its all-in nature.

  • + Enemy metal destroyed hits 1253 by 5:00, far ahead of other roles at that mark.
  • + Metal produced by 5:00 reaches 4185, among the highest early figures.
  • − Own metal lost reaches 5320 by 10:00, the heaviest losses of any build shown.
  • − Team win rate is only 48%, despite the aggressive early trades.
THE EXAMPLE YOU ARE READING

[crd]sisa

44.1 OS · 04/09/2026

Open source match ↗

5 received units · includes a constructor
44 metal received · 51562 energy received

Allied construction assistance is unknown. Timings are observations, not a promise of solo reproducibility.

Typical milestones

Legion Bot Lab0:34Middle 50%: 0:20–0:35 · n=17
Legion Vehicle Plant1:01Middle 50%: 0:36–6:33 · n=16
Advanced Metal Extractor8:45Middle 50%: 8:17–9:33 · n=13

Played most by

_X_8games of this build[crd]sisa4games of this build[Cookie]Maco2games of this buildyubiyubi2games of this buildBoozha1game of this build